 Dungeon Crawl Stone Soup version 0.28.0-45-g0d030f2227 (webtiles) character file.

Game seed: 7140015180782488457

50 101zpm the Covered (level 3, -1/24 HPs)
             Began as a Gargoyle Fighter on Apr 10, 2022.
             Slain by an orc wizard
             ... wielding a +0 dagger
              (3 damage)
             ... on level 4 of the Dungeon.
             The game lasted 00:01:30 (1827 turns).

101zpm the Covered (Gargoyle Fighter)               Turns: 1827, Time: 00:01:31

Health: -1/24      AC: 10    Str: 21    XL:     3   Next: 79%
Magic:  3/3        EV:  9    Int:  8    God:
Gold:   54         SH:  4    Dex:  9    Spells: 2/2 levels left

rFire   . . .      SeeInvis .   a - +0 flail
rCold   . . .      Faith    .   c - +0 buckler
rNeg    + . .      Spirit   .   b - +0 scale mail
rPois   ∞          Reflect  .   (no helmet)
rElec   +          Harm     .   (no cloak)
rCorr   .          Rampage  .   (no gloves)
Will    .....                   (no boots)
Stlth   ..........              (no amulet)
HPRegen 0.08/turn               (no ring)
MPRegen 0.08/turn               (no ring)

@: no status effects
A: sickness immunity, AC +3, negative energy resistance 1, electricity
resistance, torment resistance 1, petrification resistance
a: no special abilities


You were on level 4 of the Dungeon.
You visited 2 branches of the dungeon, and saw 4 of its levels.

You collected 54 gold pieces.

Inventory:

Hand Weapons
 a - a +0 flail (weapon)
Armour
 b - a +0 scale mail (worn)
 c - a +0 buckler (worn)
Scrolls
 e - a scroll of torment {unknown}
 f - a scroll of identify {unknown}
 g - a scroll of noise {unknown}
 h - a scroll of teleportation {unknown}
 i - a scroll of magic mapping {unknown}
Potions
 d - 2 potions of might
 j - a potion of lignification {unknown}


   Skills:
 + Level 3.7 Fighting
 + Level 2.5 Maces & Flails
 + Level 3.9 Armour
 + Level 0.4 Dodging
 + Level 3.6 Shields


You had 2 spell levels left.
You didn't know any spells.
Your spell library was empty.

Dungeon Overview and Level Annotations

Branches:
Dungeon (4/15)             Temple (1/1) D:4

Altars:
Ashenzari
Dithmenos
Elyvilon
Hepliaklqana
Kikubaaqudgha
Makhleb
Nemelex Xobeh
Okawaru
Qazlal
Sif Muna
Uskayaw
Vehumet
Xom
Yredelemnul
Zin
The Shining One

Shops:
D:4 :


Innate Abilities, Weirdness & Mutations

You are immune to sickness and miasma.
Your stone body is resilient. (AC +3)
You are immune to poison.
You resist negative energy. (rN+)
You are resistant to electric shocks. (rElec)
You are resistant to unholy torment.
You are immune to petrification.


Message History

You hear some strange, mumbled words.
A puff of flame appears from out of thin air!
The puff of flame hits you. Something hits you but does no damage.
Something hits you but does no damage.
You see here a bubbling purple potion.
You're too confused to move!
You hear some strange, mumbled words.
Something tries to affect you, but you resist.
You miss something. Something hits you but does no damage.
You bump into the stone wall.
You hear some strange, mumbled words.
A puff of flame appears from out of thin air!
The puff of flame misses you.
You bump into the stone wall.
Something hits you but does no damage. Something hits you but does no damage.
Something hits you but does no damage.
You're too confused to move!
You feel less confused.
You hear some strange, mumbled words.
A magic dart appears from out of thin air!
The magic dart hits you.
* * * LOW HITPOINT WARNING * * *
You miss something. Something hits you but does no damage.
You closely miss something. Something hits you but does no damage.
You hit something. Something hits you but does no damage.
You closely miss something.
You hear some strange, mumbled words.
A magic dart appears from out of thin air!
The magic dart hits you but does no damage.
Something hits you but does no damage.
You miss something. Something hits you.
* * * LOW HITPOINT WARNING * * *
You closely miss something. Something hits you but does no damage.
Something hits you.
* * * LOW HITPOINT WARNING * * *
You closely miss something. Something hits you but does no damage.
You hit something. Something hits you but does no damage.
You barely miss something. Something hits you.
You die...

............#########
........................
.........................
........#.....).)........
........#...###..........
.....# #.#..##......<...
....?.###........>####.#
#...#...#..##.## #
#..@..#....#.#
...#####.{.#####...#
......#!....#....#.#
.....#...#...#..##.#
#......###.....##.#
#.....#.#.#.......#
#..... .#..)##>##.#
#..... .#...##... ..
#..... ........... ##


There were no monsters in sight!

Vanquished Creatures
  An adder skeleton (D:4)
  2 dart slugs (D:1)
  5 orcs
  A ball python (D:1)
  3 endoplasms
  7 jackals (D:1)
  5 kobolds
  3 quokkas
  A frilled lizard (D:1)
  4 goblins
  A rat (D:2)
33 creatures vanquished.

Notes
Turn   | Place    | Note
-------+----------+-------------------------------------------
     0 | D:1      | 101zpm the Gargoyle Fighter began the quest for the Orb.
     0 | D:1      | Reached XP level 1. HP: 14/14 MP: 1/1
   376 | D:1      | Reached XP level 2. HP: 15/19 MP: 2/2
   760 | D:1      | Reached XP level 3. HP: 20/23 MP: 3/3
  1406 | D:2      | Found a faded altar of an unknown god.
  1406 | D:2      | You fall into a shaft and drop 2 floors!
  1458 | D:4      | Found a staircase to the Ecumenical Temple.
  1459 | D:4      | Found Egicheib's Book Boutique.
  1475 | Temple   | Entered the Ecumenical Temple
  1827 | D:4      | Slain by an orc wizard

Illustrated notes

Levels and vault maps discovered:
D:1:      psy_arrival_radial01, layout_basic, serial_park_tiny_1
D:2:      layout_basic, basic_ecumenical_altar, minmay_large_rounded_square
D:4:      layout_basic, minmay_temple_entry_arrows, serial_shops, shop_statue
Temple:   compressed_dpeg_circular_temple

Action                   || total
-------------------------++-------
Melee: Flail             ||   125
Armor: Scale mail        ||    80
Dodge: Dodged            ||    51
Block: Buckler           ||    32
